 Dungeon Crawl Stone Soup version 0.30-a0-852-g08b95dd62f (webtiles) character file.

Game seed: 562293421455583082

2506 avis the Skirmisher (level 9, -1/74 HPs)
             Began as a Demigod Hexslinger on Mar 5, 2023.
             Slain by a yak (4 damage)
             ... on level 8 of the Dungeon.
             The game lasted 00:56:53 (8178 turns).

avis the Skirmisher (Demigod Hexslinger)            Turns: 8178, Time: 00:56:53

Health: -1/74      AC: 14    Str: 11    XL:     9   Next: 7%
Magic:  15/15      EV: 14    Int: 15    God:
Gold:   369        SH:  0    Dex: 26    Spells: 11/12 levels left

rFire   . . .      SeeInvis .    b - +8 sling (freeze)
rCold   + . .      Faith    .    (no shield)
rNeg    + . .      Spirit   .    z - +3 leather armour of Sammin {rC+ Will+}
rPois   .          Reflect  .    p - +2 helmet
rElec   .          Rampage  .    k - +0 cloak
rCorr   .          Clarity  +    K - +1 Delatra's gloves {ID++}
Will    +....                    (no boots)
Stlth   +++                      (no amulet)
HPRegen 0.32/turn                s - ring of positive energy
MPRegen 0.14/turn                (no ring)

@: hasted, very quick
A: high MP 1, forlorn, divine attributes, iridescent scales 1, clarity
a: no special abilities


You were on level 8 of the Dungeon.
You visited 1 branch of the dungeon, and saw 8 of its levels.
You also visited: Sewer.

You collected 369 gold pieces.

Inventory:

Hand Weapons
 a - a +2 trident of venom
 b - a +8 sling of freezing (weapon)
 i - a +0 great sword
 j - a +0 scimitar
 o - a +0 short sword
 x - a +2 short sword of freezing
 A - a +2 heavy hand axe
 D - a +2 flail of protection
 E - a +5 battleaxe
 F - a +1 sling
 I - a +1 shortbow
 N - the +0 sling of the Nine Persimmons {flame, rN+}
   (You found it on level 5 of the Dungeon)

   rN:        It protects you from negative energy.
Missiles
 w - 4 boomerangs
 B - a throwing net
 J - 15 poisoned darts
 M - 2 curare-tipped darts
Armour
 c - a +0 robe
 g - the +10 plate armour "Vuimpir" {SInv}
   (You found it on level 6 of the Dungeon)

   SInv:      It lets you see invisible.
 k - a +0 cloak (worn)
 p - a +2 helmet (worn)
 z - the +3 leather armour of Sammin (worn) {rC+ Will+}
   (You found it on level 4 of the Dungeon)

   rC:        It protects you from cold.
   Will:      It increases your willpower.
 K - the +1 Delatra's gloves (worn) {ID++}
   (You found it on level 6 of the Dungeon)

   ID++:      It heals its wearer when they drink unknown potions, and restores
   their MP when they read unknown scrolls.
 O - a +3 leather armour of cold resistance
Magical Staves
 C - a staff of fire
Jewellery
 s - a ring of positive energy (left hand)
Wands
 m - a wand of iceblast (14)
 u - a wand of flame (6)
 G - a wand of paralysis (6)
Scrolls
 d - 2 scrolls of poison
 h - 3 scrolls of teleportation
 l - a scroll of amnesia
 n - a scroll of magic mapping
 r - 2 scrolls of noise
 t - a scroll of enchant weapon
 y - a scroll of vulnerability
 L - a scroll of fear
Potions
 e - 3 potions of cancellation
 q - 2 potions of attraction
 v - a potion of degeneration
 H - a potion of brilliance
 P - a potion of ambrosia
 Q - a potion of berserk rage {unknown}


   Skills:
 - Level 5.0 Fighting
 * Level 9.1 Ranged Weapons
 - Level 4.0 Dodging
 - Level 3.0 Stealth
 - Level 2.0 Spellcasting
 - Level 3.0 Hexes


You had 11 spell levels left.
You knew the following spells:

 Your Spells              Type           Power      Damage    Failure   Level
a - Slow                  Hex            40%        N/A       9%          1

Your spell library contained the following spells:

 Spells                   Type           Power      Damage    Failure   Level
 Ensorcelled Hibernation  Hex/Ice        12%        N/A       24%         2
 Confusing Touch          Hex            10%        N/A       26%         3
 Kiss of Death            Conj/Necr      4%         2d5       28%         1
 Passwall                 Tmut/Erth      0%         N/A       41%         2
 Inner Flame              Hex/Fire       6%         N/A       43%         3
 Portal Projectile        Hex/Tloc       12%        N/A       43%         3
 Cause Fear               Hex            5%         N/A       63%         4
 Swiftness                Air            1%         N/A       65%         3
 Dispel Undead            Necr           1%         3d6       96%         4


Dungeon Overview and Level Annotations

Branches:
Dungeon (8/15)              Sewer (visited)
 Temple: D:4-7         Lair: D:8-11

Shops:
D:4 :


Innate Abilities, Weirdness & Mutations

You have an increased reservoir of magic. (+10% MP)
You shall have no god before yourself.
Your divine heritage dramatically boosts your attributes as you level up.
You are partially covered in iridescent scales. (AC +2)
You possess an exceptional clarity of mind.


Message History

You hear an angry hiss.
The yak gores you.
Fire: b) +8 sling (freeze)
Press: ? - help, Q - select action, (/) - cycle Shift-Dir - straight line, f/p - yak
Aim: a yak (moderately wounded, 81% to hit)
You shoot a sling bullet. The sling bullet hits the yak.
The sling bullet freezes the yak.
The yak is heavily wounded.
Fire: b) +8 sling (freeze)
Press: ? - help, Q - select action, (/) - cycle Shift-Dir - straight line, f/p - yak
Aim: a yak (heavily wounded, 81% to hit)
You shoot a sling bullet. The sling bullet barely misses the yak.
The yak barely misses you. The yak attacks as you move away!
The yak closely misses you. The yak attacks as you move away!
The yak misses you. The yak attacks as you move away! The yak gores you.
The yak attacks as you move away! The yak gores you but does no damage.
The yak attacks as you move away! The yak gores you!
The yak attacks as you move away! The yak misses you.
The yak attacks as you move away! The yak closely misses you.
The yak attacks as you move away! The yak gores you but does no damage.
The yak attacks as you move away! The yak gores you.
The yak attacks as you move away! The yak misses you.
The yak attacks as you move away! The yak barely misses you.
Found 21 gold pieces.
The yak attacks as you move away! The yak barely misses you.
The yak attacks as you move away! The yak gores you but does no damage.
The yak attacks as you move away! The yak gores you.
The yak attacks as you move away! The yak gores you!
* * * LOW HITPOINT WARNING * * *
Fire: b) +8 sling (freeze)
Press: ? - help, Q - select action, (/) - cycle Shift-Dir - straight line, f/p - yak
Aim: a yak (heavily wounded, 81% to hit)
You shoot a sling bullet. The sling bullet hits the yak!
The sling bullet freezes the yak.
The yak is moderately wounded.
The yak gores you!
* * * LOW HITPOINT WARNING * * *
You feel yourself speed up. The yak gores you.
You die...

#.. #.# #$# #.#
#.# #.#
####.##########..
#...YYYYY@.......
##.##.############
#..YY.# ##.#..#
#.....# ##....#
#....###.#.
#..........
#...####.. #.


You could see 5 yaks.

Vanquished Creatures
  Joseph (D:7)
  Eustachio (D:5)
  An ice beast (D:4)
  A black bear (D:5)
  An ogre (D:5)
  3 centaurs
  3 kobold brigands (Sewer)
  A phantom (D:5)
  A bullfrog (D:6)
  6 scorpions
  A howler monkey (D:6)
  2 jellies
  An orc priest (D:4)
  A gnoll bouda (D:4)
  5 hounds
  2 sleepcaps
  Terence (D:3)
  An iguana (D:4)
  4 orc wizards
  Robin (D:2)
  16 adders
  5 gnolls (D:4)
  A river rat (Sewer)
  4 white imps
  4 worms
  2 dart slugs (D:1)
  15 orcs
  4 endoplasms
  3 giant cockroaches
  15 goblins
  9 hobgoblins
  15 kobolds
  6 quokkas
  12 ball pythons
  6 frilled lizards
  6 rats
161 creatures vanquished.

Notes
Turn   | Place    | Note
-------+----------+-------------------------------------------
     0 | D:1      | avis the Demigod Hexslinger began the quest for the Orb.
     0 | D:1      | Reached XP level 1. HP: 15/15 MP: 4/4
    20 | D:1      | Reached skill level 1 in Fighting
   184 | D:1      | Reached skill level 2 in Ranged Weapons
   546 | D:1      | Reached XP level 2. HP: 24/24 MP: 3/5
   829 | D:1      | You fall into a shaft and drop 1 floor!
   831 | D:2      | Noticed Robin
  1209 | D:1      | Reached XP level 3. HP: 28/29 MP: 3/6
  1300 | D:2      | Reached skill level 3 in Ranged Weapons
  1712 | D:2      | Killed Robin
  1941 | D:2      | Reached XP level 4. HP: 35/36 MP: 6/8
  2165 | D:3      | Noticed Terence
  2222 | D:3      | Killed Terence
  2223 | D:3      | Reached skill level 4 in Ranged Weapons
  2315 | D:3      | Reached skill level 1 in Stealth
  2813 | D:3      | Reached XP level 5. HP: 15/42 MP: 7/9
  3316 | D:4      | Identified the +3 leather armour of Sammin {rC+ Will+}
  3423 | D:4      | Reached XP level 6. HP: 39/51 MP: 7/10
  3667 | D:4      | Reached skill level 5 in Ranged Weapons
  3767 | D:4      | Reached skill level 6 in Ranged Weapons
  3970 | D:4      | Reached XP level 7. HP: 50/57 MP: 9/11
  4003 | D:4      | Found Vuassaux's Book Emporium.
  4580 | D:5      | Entered Level 5 of the Dungeon
  4849 | D:5      | Noticed Eustachio
  4881 | D:5      | Killed Eustachio
  4923 | D:5      | Identified the +0 sling of the Nine Persimmons {flame, rN+}
  4941 | D:5      | Found a glowing drain.
  4963 | Sewer    | Entered a sewer
  5030 | Sewer    | Reached skill level 7 in Ranged Weapons
  5084 | Sewer    | Reached XP level 8. HP: 36/66 MP: 14/14
  5495 | Sewer    | Gained mutation: You are dopey. (Int -2) [potion of
                  | mutation]
  5495 | Sewer    | Gained mutation: Your muscles are strong. (Str +4, Int/Dex
                  | -1) [potion of mutation]
  5496 | Sewer    | Lost mutation: Your muscles are strong. (Str +4, Int/Dex
                  | -1) [potion of mutation]
  5496 | Sewer    | Lost mutation: You are dopey. (Int -2) [potion of mutation]
  5496 | Sewer    | Gained mutation: You are partially covered in iridescent
                  | scales. (AC +2) [potion of mutation]
  5496 | Sewer    | Gained mutation: You possess an exceptional clarity of
                  | mind. [potion of mutation]
  5840 | D:5      | Reached skill level 8 in Ranged Weapons
  6637 | D:6      | Identified the +10 plate armour "Vuimpir" {SInv}
  6999 | D:6      | Reached skill level 5 in Fighting
  7411 | D:6      | Found the +1 Delatra's gloves {ID++}
  7816 | D:7      | Noticed Joseph
  7839 | D:7      | Killed Joseph
  7840 | D:7      | Reached skill level 9 in Ranged Weapons
  7840 | D:7      | Reached XP level 9. HP: 13/74 MP: 15/15
  8177 | D:8      | HP: 3/74 [yak (10)]
  8178 | D:8      | Slain by a yak

Illustrated notes

Levels and vault maps discovered:
D:1:      wander_arrival_desolate, layout_basic
D:2:      layout_rooms, kennysheep_generic_room_13, uniq_robin
D:3:      layout_rooms, mainiacjoe_overflow_alcove_1,
          lemuel_coloured_pillars_altar, fedhas_altar_2,
          chequers_ecumenical_altar_simple_redux, uniq_terence
D:4:      layout_loops_ring, serial_shops, nicolae_shop_hallway_stairs
D:5:      layout_loops_ring, mainiacjoe_overflow_boulevard,
          kennysheep_mini_moat, lightli_sewer_entry_pipes,
          grunt_decor_one_mirror, chequers_serial_rivers_marsh, st_stairs_10,
          hangedman_abyss_or_decor_passed, uniq_eustachio
D:6:      layout_basic, kennysheep_generic_room_10
D:7:      nicolae_whirlpool, layout_loops_ring, nicolae_overflow_hidden_temple,
          mainiacjoe_overflow_tiny_flanked,
          chequers_temple_overflow_statue_of_worship, temple_hall, serial_shops,
          nicolae_shop_behind_doors, kennysheep_generic_room_6,
          uniq_crazy_yiuf_cottage, uniq_joseph
D:8:      layout_basic, beargit_hepliaklqana_dungeon_heroes,
          grunt_dithmenos_smoke_and_mirrors, lemuel_doored_altar,
          david_lair_generic, eino_jars

Skill      XL: |  1  2  3  4  5  6  7  8 |
---------------+-------------------------+-----
Fighting       | 1 2 3 4 5 |  5.0
Ranged Weapons | 2 3 4 6 7 9 |  9.1
Dodging        | 2 3 4 |  4.0
Stealth        | 1 2 3 |  3.0
Hexes          | 3 |  3.0
Spellcasting   | 2 |  2.0

Action                     |  1- 3 |  4- 6 |  7- 9 || total
---------------------------+-------+-------+-------++-------
  Melee: Trident           |     7 |   116 |   100 ||   223
         Punch             |       |     2 |       ||     2
         Short sword       |       |       |     9 ||     9
   Fire: Sling             |   156 |    54 |   140 ||   350
         Shortbow          |       |       |    40 ||    40
   Cast: Slow              |    46 |    37 |    31 ||   114
  Evoke: Wand              |       |     2 |       ||     2
    Use: Scroll            |       |       |    17 ||    17
         Potion            |       |       |    13 ||    13
   Stab: Invisible         |       |       |     1 ||     1
         Sleeping          |       |       |     1 ||     1
 Armour: Robe              |    34 |     9 |       ||    43
         Leather armour    |       |    21 |    85 ||   106
  Dodge: Dodged            |    92 |    54 |   142 ||   288

Table legend: (Time is in decaauts)
 A = Elapsed time spent in this place.
 B = Non-inter-level travel time spent in this place.
 C = Inter-level travel time spent in this place.
 D = Time resting spent in this place.
 E = Time spent auto-exploring this place.
 F = Levels seen in this place.
 G = Mean time per level.
                   A        B        C        D        E       F      G
               +--------+--------+--------+--------+--------+-----+--------+
         Total |   8378 |   7595 |    783 |   2199 |   3156 |   9 |  930.9 |
       Dungeon |   7503 |   6720 |    783 |   1787 |   3140 |   8 |  937.9 |
         Sewer |    875 |    875 |      0 |    412 |     16 |   1 |  875.0 |
               +--------+--------+--------+--------+--------+-----+--------+

Top non-repeatable levels by time:
     D:1: 1581 daAuts
     D:4: 1543 daAuts
     D:6: 1453 daAuts
     D:5: 1110 daAuts
     D:3: 1078 daAuts
   Sewer: 875 daAuts
     D:2: 652 daAuts
     D:7: 58 daAuts
     D:8: 25 daAuts
